 Dungeon Crawl Stone Soup version 0.30.0-15-g856e2d3f33 (webtiles) character file.

Game seed: 805884998502254067

5066 Demosthentine the Trooper (level 10, -1/72 HPs)
             Began as a Demonspawn Gladiator on May 20, 2023.
             Was a Follower of Hepliaklqana.
             Killed from afar by a raiju (7 damage)
             ... with a living lightning
             ... on level 3 of the Abyss.
             The game lasted 00:07:49 (7903 turns).

Demosthentine the Trooper (Demonspawn Gladiator)    Turns: 7903, Time: 00:07:50

Health: -1/72      AC: 17    Str: 16    XL:     10   Next: 31%
Magic:  0/13       EV: 16    Int: 10    God:    Hepliaklqana [*.....]
Gold:   317        SH:  0    Dex: 17    Spells: 9/9 levels left

rFire   . . .        a - +1 trident
rCold   . . .        (no shield)
rNeg    . . .        f - +2 leather armour {rPois}
rPois   +            c - +0 helmet
rElec   .            (no cloak)
rCorr   .            t - +0 pair of gloves
SInv    .            r - +2 pair of boots
Will    .....        h - amulet of guardian spirit
Stlth   +            (no ring)
HPRegen 0.32/turn    (no ring)
MPRegen 0.13/turn

%: guardian spirit
@: sanguine armoured
A: reduced essence, spiny 3, sanguine armour 1, demonic magic 1, weakness
stinger 1
a: Renounce Religion, Recall Ancestor, Ancestor Identity


You were on level 3 of the Abyss.
You worshipped Hepliaklqana.
Hepliaklqana was aware of your devotion.
You visited 2 branches of the dungeon, and saw 9 of its levels.
You visited the Abyss 1 time.

You collected 317 gold pieces.

Inventory:

Hand Weapons
 a - a +1 trident (weapon)
Missiles
 d - 2 throwing nets (quivered)
 e - 4 javelins
 u - 12 poisoned darts
Armour
 c - a +0 helmet (worn)
 f - a +2 leather armour of poison resistance (worn)
 r - a +2 pair of boots (worn)
 t - a +0 pair of gloves (worn)
Jewellery
 h - an amulet of guardian spirit (around neck)
 q - a +4 ring of protection
Wands
 p - a wand of polymorph (11)
 y - a wand of charming (10)
Scrolls
 b - 3 scrolls of enchant weapon
 g - 2 scrolls of fear
 j - a scroll of amnesia
 l - 2 scrolls of identify
 x - a scroll of brand weapon {unknown}
Potions
 i - 2 potions of magic
 k - 3 potions of might
 m - 2 potions of invisibility
 n - a potion of resistance
 o - 4 potions of brilliance
 s - a potion of haste
 v - 4 potions of curing
 w - 2 potions of heal wounds
 z - 2 potions of mutation {unknown}


   Skills:
 + Level 7.9 Fighting
 + Level 7.5 Polearms
 - Level 1.7 Throwing
 - Level 6.2 Armour
 + Level 7.5 Dodging
 + Level 4.1 Invocations


You had 9 spell levels left.
You didn't know any spells.
Your spell library contained the following spells:

 Spells                   Type           Power      Damage    Failure   Level
 Apportation              Tloc           0%         N/A       41%         1
 Necrotise                Necr           0%         1d4       41%         1
 Summon Small Mammal      Summ           0%         N/A       41%         1
 Ensorcelled Hibernation  Hex/Ice        0%         N/A       56%         2
 Passwall                 Tmut/Erth      0%         N/A       56%         2
 Poisonous Vapours        Pois/Air       0%         N/A       56%         2
 Mephitic Cloud           Conj/Pois/Air  0%         N/A       80%         3
 Ozocubu's Armour         Ice            0%         N/A       80%         3
 Swiftness                Air            0%         N/A       80%         3
 Summon Ice Beast         Ice/Summ       0%         N/A       99%         4
 Freezing Cloud           Conj/Ice/Air   0%         6-21      100%        5
 Summon Forest            Summ/Tloc      0%         N/A       100%        5
 Ozocubu's Refrigeration  Ice            0%         4d7       100%        7


Dungeon Overview and Level Annotations

Branches:
Dungeon (8/15)             Temple (1/1) D:5
   Lair: D:8-11

Altars:
Ashenzari
Dithmenos
Fedhas
Gozag
Hepliaklqana
Kikubaaqudgha
Makhleb
Nemelex Xobeh
Okawaru
Qazlal
Ru
Sif Muna
Trog
Uskayaw
Vehumet
Wu Jian
Xom
Yredelemnul

Shops:
D:5 (

Annotations:
D:6 2 transporters, Fractals's ghost, novice MfIE
D:8 Psyche


Innate Abilities, Weirdness & Mutations

Your life essence is reduced to manifest your ancestor. (-10% HP)
You are completely covered in sharp spines.
When seriously injured, your blood forms armour. (AC +6)
Spells you cast may paralyse adjacent enemies.
You have a small tail.


Message History

The abyssal matter surrounding you shimmers strangely.
You detect the abyssal rune!
You can't go up here!
Unknown command. 2 raiju come into view.
The raiju bursts into living lightning!
The living lightning hits the raiju.
The raiju completely resists.
The living lightning hits you.
The raiju blinks! x2
Found a corrupted altar of Lugonu.
The raiju attacks as you move away! The raiju is struck by your spines.
The raiju bites you. The raiju shocks you!
The raiju bursts into living lightning!
The living lightning hits the raiju.
The raiju completely resists.
The living lightning hits you!!
Your blood congeals into armour.
The raiju blinks!
The raiju attacks as you move away! The raiju barely misses you.
The raiju misses you.
There is an open door here.
The raiju attacks as you move away! The raiju completely misses you.
The raiju attacks as you move away! The raiju barely misses you.
The raiju bursts into living lightning!
The living lightning hits you!
The raiju blinks!
The raiju barely misses you. The raiju is struck by your spines.
The raiju bites you but does no damage. The raiju closely misses you.
There is an open door here.
The raiju attacks as you move away! The raiju bites you but does no damage.
The raiju attacks as you move away! The raiju is struck by your spines.
The raiju bites you. The raiju shocks you!
* * * LOW HITPOINT WARNING * * *
The raiju bursts into living lightning!
The living lightning misses you.
The raiju blinks!
The raiju bursts into living lightning!
The living lightning hits you!
* * * LOW HITPOINT WARNING * * *
The raiju blinks!
The raiju is struck by your spines. The raiju misses you.
The raiju bursts into living lightning!
The living lightning hits you!
You die...

....... #... #..... ...#
.........# # .......h+
#.........# .........#
.. #.........##+########
. ## ##'# #............
... #... ..#..h.@......~
. .#......#............
. ..#......#............
....' .#...#............
.#.##...##.#............
... ## ## #####..#...###
.. #....# #......# ##
..# #...#..+ .ยง..... .


You could see a raiju.

Vanquished Creatures
  A two-headed ogre (D:8)
  Pikel (D:8)
  Prince Ribbit (D:7)
  2 vampire mosquitoes (D:8)
  Menkaure (D:6)
  An acid dragon (D:6)
  Duvessa (D:7)
  3 water moccasins
  A sky beast (D:7)
  3 black bears
  An ice beast (D:5)
  An ogre (D:5)
  2 centaurs
  A lemure (D:8)
  2 kobold brigands
  2 bullfrogs (D:8)
  2 gnoll sergeants
  A scorpion (D:5)
  7 wights
  Dowan (D:7)
  2 vampire bats (D:7)
  3 howler monkeys
  4 hounds
  3 jellies
  7 orc priests
  Crazy Yiuf (D:2)
  Jessica (D:3)
  4 sleepcaps
  5 iguanas
  7 orc wizards
  10 gnolls
  5 adders
  3 shadow imps
  3 white imps
  2 ufetubi
  3 worms
  2 dart slugs
  20 orcs
  A bat (D:2)
  3 bat skeletons (D:7)
  2 bat zombies (D:7)
  6 endoplasms
  A giant cockroach (D:4)
  8 goblins
  9 hobgoblins
  6 jackals
  2 quokkas
  2 training dummies (D:7)
  4 ball pythons
  4 frilled lizards
  10 kobolds
  5 rats
  A spectral orc (D:4)
184 creatures vanquished.

Vanquished Creatures (collateral kills)
  A lemure (D:8)
  A gnoll (D:8)
2 creatures vanquished.

Vanquished Creatures (others)
  A bat (D:2)
1 creature vanquished.

Grand Total: 187 creatures vanquished

Notes
Turn   | Place    | Note
-------+----------+-------------------------------------------
     0 | D:1      | Demosthentine the Demonspawn Gladiator began the quest for
                  | the Orb.
     0 | D:1      | Reached XP level 1. HP: 16/16 MP: 1/1
   445 | D:1      | Gained mutation: When seriously injured, your blood forms
                  | armour. (AC +6) [demonic ancestry]
   445 | D:1      | Reached XP level 2. HP: 22/22 MP: 2/2
   890 | D:2      | Reached skill level 1 in Armour
   947 | D:2      | Gained mutation: Spells you cast may paralyse adjacent
                  | enemies. [demonic ancestry]
   947 | D:2      | Reached XP level 3. HP: 28/28 MP: 3/3
  1365 | D:2      | Found a runed translucent door.
  1366 | D:2      | Noticed Crazy Yiuf
  1460 | D:2      | Killed Crazy Yiuf
  1523 | D:3      | Found a broken altar of Ashenzari.
  1529 | D:3      | Gained mutation: You are partially covered in sharp spines.
                  | [demonic ancestry]
  1529 | D:3      | Reached XP level 4. HP: 34/34 MP: 4/4
  1778 | D:3      | Reached XP level 5. HP: 34/41 MP: 5/5
  1886 | D:3      | Noticed Jessica
  1891 | D:3      | Killed Jessica
  1894 | D:3      | Found a shimmering blue altar of Sif Muna.
  2307 | D:3      | Gained mutation: You are mostly covered in sharp spines.
                  | [demonic ancestry]
  2307 | D:3      | Reached XP level 6. HP: 36/47 MP: 4/6
  2424 | D:4      | Found a sacrificial altar of Ru.
  2843 | D:4      | Found a basalt altar of Yredelemnul.
  3053 | D:5      | Entered Level 5 of the Dungeon
  3087 | D:5      | Found a hide-covered altar of Uskayaw.
  3107 | D:5      | Reached XP level 7. HP: 41/54 MP: 4/7
  3267 | D:5      | Found Sitsamn's Antique Weapon Shoppe.
  3490 | D:5      | Found a blossoming altar of Fedhas.
  3699 | D:5      | Reached skill level 5 in Dodging
  3699 | D:5      | Gained mutation: You have a small tail. [demonic ancestry]
  3699 | D:5      | Reached XP level 8. HP: 51/61 MP: 5/8
  3701 | D:5      | Reached skill level 5 in Fighting
  3701 | D:5      | Reached skill level 5 in Polearms
  3751 | D:5      | Found a staircase to the Ecumenical Temple.
  3892 | D:5      | Found a bloodstained altar of Trog.
  3947 | D:5      | Got the Almanac of the White Voyage
  4458 | Temple   | Entered the Ecumenical Temple
  4474 | Temple   | Became a worshipper of Hepliaklqana the Forgotten
  4946 | D:6      | Found a shadowy altar of Dithmenos.
  4973 | D:6      | Noticed Fractals's ghost (novice MfIE)
  4989 | D:6      | Found a transporter.
  5008 | D:6      | Found a transporter.
  5067 | D:6      | Noticed Menkaure
  5185 | D:6      | Killed Menkaure
  5186 | D:6      | Reached skill level 5 in Armour
  5342 | D:6      | Gained mutation: You are completely covered in sharp
                  | spines. [demonic ancestry]
  5342 | D:6      | Reached XP level 9. HP: 23/67 MP: 5/9
  6530 | D:7      | Noticed Dowan
  6530 | D:7      | Noticed Duvessa
  6538 | D:7      | Killed Duvessa
  6542 | D:7      | Killed Dowan
  6645 | D:7      | Noticed Prince Ribbit
  6646 | D:7      | Found an ancient bone altar of Kikubaaqudgha.
  6650 | D:7      | Killed Prince Ribbit
  7122 | D:8      | Reached * piety under Hepliaklqana
  7222 | D:8      | Reached skill level 1 in Invocations
  7482 | D:8      | Reached XP level 10. HP: 71/71 MP: 11/11
  7569 | D:8      | Noticed Pikel
  7582 | D:8      | Killed Pikel
  7591 | D:8      | Noticed a two-headed ogre
  7599 | D:8      | Killed a two-headed ogre
  7826 | D:8      | Noticed Psyche
  7836 | Abyss:2  | Cast into level 2 of the Abyss (Psyche)
  7859 | Abyss:2  | Noticed a smoke demon
  7859 | Abyss:2  | Noticed a thrashing horror
  7868 | Abyss:2  | Noticed a rakshasa
  7882 | Abyss:3  | Found a corrupted altar of Lugonu.
  7903 | Abyss:3  | Killed from afar by a raiju

Illustrated notes

Levels and vault maps discovered:
D:1:      tekkud_arrival_beachfront_property, layout_basic
D:2:      layout_basic, st_stairs_10, minmay_split_cup_large,
          uniq_crazy_yiuf_cottage
D:3:      layout_rooms, tgw_sif, cheibrodos_ashenzari_chains, elyvilon_altar_1
D:4:      layout_basic, nicolae_ru_path_of_blood, mainiacjoe_overflow_alcove_2,
          yredelemnul_forgotten_temple_becter, kennysheep_nub
D:5:      layout_loops_ring, nicolae_overflow_hidden_temple,
          trog_butcher_becter, mainiacjoe_overflow_cross_hatched,
          lemuel_tele_altar, minmay_temple_entry_poolview, serial_shops,
          nicolae_shop_rolling_square
D:6:      layout_cave_pools, mainiacjoe_overflow_alcove_4,
          gammafunk_ghost_smash, uniq_menkaure
D:7:      dreamdust_elfheim, layout_basic, kennysheep_vampire_church,
          uniq_prince_ribbit1
D:8:      layout_gridville, nrook_mini_vaults, uniq_pikel, uniq_psyche
Temple:   hellmonk_temple_rainy
Abyss:3:  base: D:8, evilmike_nicolae_abyss_rune_containment_curve

Skill      XL: |  1  2  3  4  5  6  7  8  9 10 |
---------------+-------------------------------+-----
Polearms       | 3 4 6 7 |  7.5
Armour         | 1 2 3 4 5 6 |  6.2
Dodging        | 3 4 5 6 7 |  7.5
Fighting       | 3 4 6 7 |  7.9
Invocations    | 2 4 |  4.1
Throwing       | |  1.7

Action                     |  1- 3 |  4- 6 |  7- 9 | 10-12 || total
---------------------------+-------+-------+-------+-------++-------
  Melee: Trident           |    88 |   117 |   311 |    27 ||   543
         Punch             |     1 |     3 |     6 |       ||    10
         Tailslap          |       |       |    31 |     2 ||    33
  Throw: Throwing net      |     3 |       |       |     1 ||     4
    Use: Scroll            |     9 |     3 |     6 |       ||    18
   Stab: Sleeping          |     1 |       |       |       ||     1
         Distracted        |       |       |       |     2 ||     2
 Armour: Leather armour    |    19 |    25 |    94 |     6 ||   144
  Dodge: Dodged            |    29 |    43 |   204 |    21 ||   297
